[Event "Swiss Youth-ch U14 2023"]
[Site "Olten"]
[Date "2023.05.29"]
[Round "7.3"]
[White "Delangle, Alexander"]
[Black "Malli, Suvirr"]
[Result "0-1"]
[ECO "B91"]
[WhiteElo "1621"]
[BlackElo "2114"]
[Annotator "TA"]
[PlyCount "102"]
[EventDate "2023.05.26"]
[EventType "swiss"]
[EventCountry "SUI"]
[SourceTitle "playchess.com"]
[Source "ChessBase"]
[SourceQuality "1"]
[TimeControl "5400+30"]

1. e4 c5 2. Nf3 d6 3. d4 cxd4 4. Nxd4 Nf6 5. Nc3 a6 6. g3 e5 7. Nb3 Be7 8. Bg2 O-O 9. O-O Qc7 {[%emt 0:05:54] B91: Sicilian Najdorf: 6 g3.} 10. Re1 Be6 11. Bg5 Nbd7 {[%emt 0:01:15] The position is equal.} 12. Nd2 {[%emt 0:05:58] [#]} h6 $146 ({Predecessor:} 12... b5 13. a3 h6 14. Bxf6 Nxf6 15. Nf1 Rfc8 16. Ne3 Qc5 17. Re2 Bd8 18. Nf5 d5 {1-0 Schippers,M (2285)-Lukasiewicz,K (2290) POL-chT 1st League 2021 (4.1)}) 13. Bxf6 Nxf6 14. Nf1 Rac8 15. Ne3 Qc5 16. Qd2 b5 17. Ncd5 (17. a3 $11) 17... Nxd5 $17 18. exd5 Bd7 19. Kh1 Bg5 20. c3 Rce8 21. h4 (21. Qd3 $17) 21... Bd8 $1 $19 22. Qc2 (22. Bf3 $17 {is a better defense.}) 22... Qc8 23. c4 b4 (23... f5 $17 {Hoping for ...Ba5.} 24. cxb5 Qxc2 25. Nxc2 Bb6) 24. Kh2 $2 (24. c5 $1 $11) 24... f5 25. Bh3 (25. Nd1 $142) 25... Rf7 $2 (25... f4 $19 26. Bxd7 Qxd7) 26. Ng2 (26. c5 $17 {might work better.} dxc5 27. Rad1) 26... Ba5 27. Qc1 {[%emt 0:02:51] [#]} Bb6 $1 28. f4 e4 {[%emt 0:00:23] Black is more active.} 29. Ne3 ({White should play} 29. h5) 29... h5 (29... a5 $142 30. Ng2 Qd8) 30. Qd1 (30. a3 $142) 30... g6 31. b3 Bd8 ({Black should try} 31... Qc5 32. Nc2 a5) 32. Rc1 (32. a3 $142) 32... Qc5 $17 33. Qe2 Bf6 34. Bg2 Rfe7 35. Kh3 a5 36. Rc2 Ra8 37. Qd1 {[%emt 0:01:12] [#]} a4 (37... Bd4 $1 $19 38. Rce2 a4) 38. Rce2 (38. Rc1 $17 {is the only way for White.}) 38... Bc3 $19 39. Rf1 {[%emt 0:01:06] White is weak on the dark squares} Be8 40. bxa4 (40. Qc2 $142) 40... Rxa4 (40... Bxa4 $2 {is the wrong capture.} 41. Qb1 $19) 41. Qb1 Bd4 42. Rfe1 Bd7 43. Qc2 $2 (43. Bf1) 43... Ra3 44. Nd1 Re8 45. Rd2 Rea8 46. Bf1 Ba4 {[%emt 0:01:18] This pair of bishops is nice.} 47. Qb1 Bxd1 48. Rexd1 Bf2 49. Qc2 Bxg3 (49... Qe3 $142 50. Rd3 exd3 51. Rxd3 Qe4 52. Bg2 Qxd3 53. Qxf2 Rxa2 54. Qe1 Re2 55. Qh1 Ra3 56. Qh2 Rea2 57. Be4 Rxh2+ 58. Kxh2 Qxg3+ 59. Kh1 Ra1+ 60. Bb1 Rxb1#) 50. Kg2 Bxh4 {[%emt 0:01:06] ( -> ...Rg3+)} 51. Rd4 Rxa2 {[%emt 0:00:10] Weighted Error Value: White=0.97/Black=0.56} 0-1

[Event "Swiss Youth-ch U14 2023"]
[Site "Olten"]
[Date "2023.05.29"]
[Round "7.4"]
[White "Stoll, Arturo"]
[Black "Kanana, Ziad"]
[Result "0-1"]
[ECO "E60"]
[WhiteElo "1607"]
[BlackElo "1828"]
[Annotator "NA RC"]
[PlyCount "43"]
[EventDate "2023.05.26"]
[EventType "swiss"]
[EventCountry "SUI"]
[SourceTitle "playchess.com"]
[Source "ChessBase"]
[SourceQuality "1"]
[TimeControl "5400+30"]

1. d4 Nf6 2. c4 g6 3. h4 h5 4. Nc3 Bg7 5. e4 d6 6. Bg5 O-O 7. Qd2 c5 8. d5 $1 Qa5 9. f3 a6 10. Nh3 Nbd7 11. Be2 Re8 $14 (11... Ne5 $11) 12. Bh6 Ne5 13. Bxg7 Kxg7 14. Nf4 Rh8 15. Kf2 Bd7 16. Rag1 b5 17. g4 hxg4 18. h5 b4 19. Nd1 gxf3 20. h6+ Kf8 21. Bxf3 Bg4 22. Bxg4 0-1

[Event "Swiss Youth-ch U14 2023"]
[Site "Olten"]
[Date "2023.05.29"]
[Round "7.5"]
[White "Gade, Niels Severin"]
[Black "Udipi, Kala Kishan"]
[Result "1/2-1/2"]
[ECO "B01"]
[WhiteElo "1689"]
[BlackElo "1904"]
[Annotator "NA RC"]
[PlyCount "148"]
[EventDate "2023.05.26"]
[EventType "swiss"]
[EventCountry "SUI"]
[SourceTitle "playchess.com"]
[Source "ChessBase"]
[SourceQuality "1"]
[TimeControl "5400+30"]

1. e4 d5 2. exd5 Nf6 3. Nf3 Nxd5 4. c4 Nf6 5. Nc3 g6 6. d4 Bg7 7. Be2 O-O 8. O-O b6 9. Be3 Bb7 10. Qd2 Re8 11. Rad1 Nbd7 12. h3 a6 13. a4 h5 14. Bg5 Qb8 15. Bf4 Qa7 16. Qe3 ({Stronger than} 16. Bxc7 Bxf3 {[%mdl 64] Discovered Attack} 17. Bxf3 Qxc7 $17) 16... Rac8 17. Ne5 Qa8 18. Bf3 Bxf3 19. Nxf3 ({But not} 19. gxf3 c5 $11) 19... e6 20. b4 c6 {[%emt 0:04:25] [#]} (20... Bf8 $14) 21. Ra1 (21. Ne5 $1 $16) 21... a5 22. b5 {[%emt 0:03:28] [#]} c5 $1 23. Ne5 (23. Rad1 $1 $11) 23... cxd4 24. Qxd4 Nxe5 25. Bxe5 Red8 26. Qf4 Ne8 27. Bxg7 $1 Kxg7 28. Rad1 Qb8 29. Qe4 Nf6 30. Qe2 Qf4 31. g3 Qf5 32. Kg2 $17 (32. Rxd8 $15 Rxd8 33. Rd1) 32... Rxd1 33. Rxd1 Qc5 34. Ne4 Qxc4 35. Qxc4 Rxc4 36. Nxf6 Kxf6 37. Rd6 Rxa4 38. Rxb6 Rb4 39. Rb8 a4 40. b6 a3 41. Ra8 Rxb6 42. Rxa3 Rb5 43. Ra4 g5 44. Rc4 Rd5 45. Rb4 Rd6 46. Ra4 e5 47. g4 h4 48. Re4 Ke6 49. Re3 Rd4 50. Ra3 e4 51. Ra5 Rd5 52. Ra4 Ke5 53. Ra7 f6 54. Re7+ Kf4 55. Rf7 Ke5 56. Re7+ Kd4 57. Rf7 Rd6 58. Re7 Kd5 59. Re8 Re6 60. Rd8+ Ke5 61. Ra8 Kd4 62. Ra4+ Kc5 63. Ra3 Kb4 64. Re3 Kc4 65. Ra3 Kd5 66. Ra5+ Kd6 67. Ra3 Ke7 68. Kf1 Kf7 69. Ke2 Kg6 70. Ke3 f5 71. gxf5+ Kxf5 72. Ra5+ Re5 73. Ra8 Re7 74. Ra5+ Re5 1/2-1/2

[Event "Swiss Youth-ch U14 2023"]
[Site "Olten"]
[Date "2023.05.29"]
[Round "7.6"]
[White "Papaux, Jeremie"]
[Black "Akinkhov, Mikhail"]
[Result "1-0"]
[ECO "D60"]
[WhiteElo "1491"]
[BlackElo "1495"]
[Annotator "NA RC"]
[PlyCount "129"]
[EventDate "2023.05.26"]
[EventType "swiss"]
[EventCountry "SUI"]
[SourceTitle "playchess.com"]
[Source "ChessBase"]
[SourceQuality "1"]
[TimeControl "5400+30"]

1. Nf3 Nf6 2. d4 d5 3. c4 c6 4. Nc3 e6 5. Bg5 Be7 6. e3 O-O 7. Bd3 Nbd7 8. c5 Re8 9. O-O h6 10. Bh4 Nh5 11. Bxe7 Qxe7 12. Nd2 Nhf6 13. f4 Nh7 14. Nf3 f6 15. Bg6 Rd8 16. Qd3 Nhf8 17. Nh4 f5 18. g3 Nxg6 19. Nxg6 Qf6 20. Ne5 Nxe5 21. fxe5 Qe7 22. b4 g5 23. Rf2 Bd7 24. Ne2 Rf8 25. Raf1 Rf7 26. g4 Raf8 27. Ng3 Kg7 28. gxf5 exf5 29. Nxf5+ Bxf5 30. Rxf5 Qe6 31. Rxf7+ Rxf7 32. Rxf7+ Qxf7 33. Qf1 Qe6 34. Qf3 Kg8 35. Kg2 Kg7 36. Kg3 a6 37. Qg4 Qf7 38. Kg2 Kg6 39. h4 Qe7 40. h5+ Kg7 41. Kg3 Qf7 42. Qf3 Qe6 43. a3 Kg8 44. Qg4 Qf7 45. Qc8+ Kg7 46. Kg4 Qe7 47. Qf5 Qf7 48. Qxf7+ Kxf7 49. Kf5 Ke7 50. e4 dxe4 51. Kxe4 Ke6 52. Ke3 Kd5 53. Kf3 Ke6 54. Ke4 Ke7 55. Kf5 Kd8 56. a4 Ke7 57. e6 Ke8 58. b5 axb5 59. axb5 cxb5 60. d5 b4 61. c6 bxc6 62. dxc6 Kd8 63. Kf6 b3 64. e7+ Kc7 65. e8=Q 1-0

[Event "Swiss Youth-ch U14 2023"]
[Site "Olten"]
[Date "2023.05.29"]
[Round "7.7"]
[White "Van Aepelen, Nikolai"]
[Black "Paholok, Adam"]
[Result "1-0"]
[ECO "E94"]
[WhiteElo "1623"]
[BlackElo "1556"]
[Annotator "NA RC"]
[PlyCount "97"]
[EventDate "2023.05.26"]
[EventType "swiss"]
[EventCountry "SUI"]
[SourceTitle "playchess.com"]
[Source "ChessBase"]
[SourceQuality "1"]
[TimeControl "5400+30"]

1. d4 Nf6 2. c4 g6 3. Nc3 Bg7 4. e4 d6 5. Nf3 O-O 6. Be2 e5 7. O-O exd4 8. Nxd4 Nbd7 9. Be3 Nc5 10. Qc2 Re8 11. f3 Ne6 12. Rfd1 Nh5 13. Nxe6 Bxe6 14. c5 Be5 15. cxd6 Qh4 16. f4 Nxf4 17. Bf3 Bxd6 18. g3 Nh3+ 19. Kg2 Qe7 20. Qc1 Bc5 21. Nd5 Bxd5 22. Bxc5 Qf6 23. Rxd5 c6 24. Rd6 Qe5 25. Kxh3 b6 26. Ba3 c5 27. Rd5 Qe6+ 28. Kg2 Rac8 29. b3 Rcd8 30. Bb2 Rxd5 31. exd5 Qf5 32. Qc3 f6 33. Qxf6 Qc2+ 34. Kh3 Qf5+ 35. Qxf5 gxf5 36. d6 Rd8 37. Rd1 Kf8 38. Bf6 Rd7 39. Be7+ Kf7 40. Bd5+ Kg7 41. Be6 f4 42. Bxd7 f3 43. Be6 f2 44. d7 f1=Q+ 45. Rxf1 h5 46. Bf8+ Kg6 47. Bf7+ Kh7 48. d8=Q h4 49. Qxh4# 1-0

[Event "Swiss Youth-ch U14 2023"]
[Site "Olten"]
[Date "2023.05.29"]
[Round "7.8"]
[White "Breyer, Philippe"]
[Black "Gafner, Lancelot"]
[Result "1-0"]
[ECO "C56"]
[WhiteElo "1766"]
[BlackElo "1641"]
[Annotator "NA RC"]
[PlyCount "49"]
[EventDate "2023.05.26"]
[EventType "swiss"]
[EventCountry "SUI"]
[SourceTitle "playchess.com"]
[Source "ChessBase"]
[SourceQuality "1"]
[TimeControl "5400+30"]

1. e4 e5 2. Nf3 Nc6 3. Bc4 Bc5 4. c3 Nf6 5. d4 exd4 6. O-O Bb6 7. e5 d5 8. exf6 dxc4 9. fxg7 Rg8 10. Re1+ Be6 11. Bg5 Qd5 12. cxd4 Nxd4 13. Nxd4 Qxd4 14. Qf3 Qxb2 15. Rxe6+ fxe6 16. Qh5+ Kd7 17. Qf7+ Kd6 18. Be7+ Kc6 19. Qxe6+ Kb5 20. Na3+ Ka6 21. Qxc4+ Ka5 22. Qd5+ Ka4 23. Qd1+ Ka5 24. Nc4+ Ka6 25. Qa4+ 1-0